 Dungeon Crawl Stone Soup version 0.28-a0-239-g68911e0c57 (webtiles) character file.

Game seed: 16335731741497167580

15 senseless the Skirmisher (level 2, 24/24 HPs)
             Began as a Demonspawn Monk on Aug 23, 2021.
             Was a Plaything of Xom.
             Quit the game on level 1 of the Dungeon.
             The game lasted 00:02:07 (538 turns).

senseless the Skirmisher (Demonspawn Monk)           Turns: 538, Time: 00:02:08

Health: 24/24      AC:  2    Str: 11    XL:     2   Next: 34%
Magic:  2/2        EV: 13    Int: 11    God:    Xom [..*...]
Gold:   14         SH:  0    Dex: 15    Spells: 1/1 levels left

rFire   . . .      SeeInvis .   a - +0 mace
rCold   . . .      Faith    .   (no shield)
rNeg    . . .      Spirit   .   b - +0 robe
rPois   .          Reflect  .   (no helmet)
rElec   .          Harm     .   (no cloak)
rCorr   .          Rampage  .   (no gloves)
Will    .....                   (no boots)
Stlth   ++........              (no amulet)
HPRegen 0.08/turn               (no ring)
MPRegen 0.16/turn               (no ring)

@: no status effects
A: magic regeneration
a: Renounce Religion


You were on level 1 of the Dungeon.
You worshipped Xom.
You were a toy of Xom.
You visited 1 branch of the dungeon, and saw 1 of its levels.

You collected 14 gold pieces.

Inventory:

Hand Weapons
 a - a +0 mace (weapon)
Missiles
 d - 10 poisoned darts (quivered)
Armour
 b - a +0 robe (worn)
Jewellery
 g - a +6 ring of dexterity
Scrolls
 c - a scroll of vulnerability {unknown}
Potions
 e - a potion of invisibility {unknown}
 f - a potion of mutation {unknown}


   Skills:
 + Level 3.3 Fighting
 + Level 3.0 Maces & Flails
 + Level 2.8 Dodging
 + Level 1.8 Stealth


You had one spell level left.
You didn't know any spells.
Your spell library contained the following spells:

 Spells                   Type           Power      Damage    Failure   Level
 Beastly Appendage        Tmut           0%         N/A       34%         1
 Wereblood                Tmut           0%         N/A       47%         2
 Spider Form              Tmut/Pois      0%         N/A       71%         3


Dungeon Overview and Level Annotations

Branches:
Dungeon (1/15)

Altars:
Xom


Innate Abilities, Weirdness & Mutations

You regenerate magic rapidly.


Message History

The rat bites you.
You hit the rat.
You kill the rat!
Your Maces & Flails skill increases to level 3!
Found a pink potion.
You see here a rat corpse.
Found a fuming purple potion.
The helpless rat fails to defend itself.
You hit the rat.
The rat is moderately wounded.
The rat barely misses you. The rat closely misses you.
You hit the rat.
You kill the rat!
You hit the dart slug.
The dart slug is heavily wounded.
The dart slug launches a dart at you. The slug dart hits you.
You sock the dart slug!
You kill the dart slug!
No target in view!
A hobgoblin comes into view.
You see here a pink potion.
A hobgoblin is nearby!
The hobgoblin misses you.
You hit the hobgoblin.
The hobgoblin is severely wounded.
The hobgoblin barely misses you. x2
You hit the hobgoblin.
The hobgoblin is almost dead.
The hobgoblin hits you.
You hit the hobgoblin.
You kill the hobgoblin!
No target in view!
e - a pink potion
f - a fuming purple potion
g - a +6 ring of dexterity Welcome back, senseless the Demonspawn Monk.
Xom titters.
Press ? for a list of commands and other information.
Are you sure you want to abandon this character and quit the game? (Confirm with "yes".)

≈≈≈≈≈≈≈≈####'########
≈≈≈≈≈≈≈≈##..........#
≈≈≈≈≈≈.≈##.....)....#
.....≈..#...........#
....≈≈.≈#...........#
...####.#...........#
...+ .##......>...#
...# #..........#
...#######.†....@...#
###......#..........#
###......#..........#
..+.....†....########
###.....†....#
.##.####.....# .#
#.....# .##
#.....######## ..#
#.............


There were no monsters in sight!

Vanquished Creatures
  A dart slug (D:1)
  3 endoplasms (D:1)
  A goblin (D:1)
  2 hobgoblins (D:1)
  2 ball pythons (D:1)
  3 rats (D:1)
12 creatures vanquished.

Notes
Turn   | Place    | Note
-------+----------+-------------------------------------------
     0 | D:1      | senseless the Demonspawn Monk began the quest for the Orb.
     0 | D:1      | Reached XP level 1. HP: 18/18 MP: 1/1
   303 | D:1      | Found a faded altar of an unknown god.
   319 | D:1      | Became a worshipper of Xom of Chaos
   380 | D:1      | Gained mutation: You regenerate magic rapidly. [demonic
                  | ancestry]
   380 | D:1      | Reached XP level 2. HP: 24/24 MP: 2/2
   538 | D:1      | Quit the game

Illustrated notes

Levels and vault maps discovered:
D:1:      eino_arrival_water_star, layout_basic,
          chequers_ecumenical_altar_island

Skill      XL: |  1  2 |
---------------+-------+-----
Maces & Flails | 3 |  3.0
Fighting       | |  3.3
Dodging        | |  2.8
Stealth        | |  1.8

Action                   || total
-------------------------++-------
Melee: Mace              ||    23
 Stab: Sleeping          ||     3
Armor: Robe              ||     3
Dodge: Dodged            ||    12

Table legend: (Time is in decaauts)
 A = Elapsed time spent in this place.
 B = Non-inter-level travel time spent in this place.
 C = Inter-level travel time spent in this place.
 D = Time resting spent in this place.
 E = Time spent auto-exploring this place.
 F = Levels seen in this place.
 G = Mean time per level.
                   A        B        C        D        E       F      G
               +--------+--------+--------+--------+--------+-----+--------+
         Total |    550 |    550 |      0 |      0 |    458 |   1 |  550.0 |
       Dungeon |    550 |    550 |      0 |      0 |    458 |   1 |  550.0 |
               +--------+--------+--------+--------+--------+-----+--------+

Top non-repeatable levels by time:
     D:1: 550 daAuts
